 Dungeon Crawl Stone Soup version 0.25-b1-46-gb8a1ec05df (webtiles) character file.

Game seed: 18143750409093290844

152552 Esekla the Eclecticist (level 17, -7/80 HPs)
             Began as a Deep Elf Venom Mage on June 8, 2020.
             Was the Champion of Qazlal.
             Shot with a bolt by a naga sharpshooter (17 damage)
             ... on level 3 of the Snake Pit on June 9, 2020.
             The game lasted 07:40:00 (32566 turns).

Esekla the Eclecticist (Deep Elf Venom Mage)       Turns: 32566, Time: 07:40:00

Health: -7/80      AC: 14    Str:  7    XL:     17   Next: 3%
Magic:  24/52      EV: 21    Int: 26    God:    Qazlal [******]
Gold:   952        SH: 15    Dex: 17    Spells: 1/56 levels left

rFire    + . .     SeeInvis +   e - +5 long sword (elec)
rCold    . . .     Gourm    .   v - +2 buckler {reflect}
rNeg     . . .     Faith    .   R - +0 troll leather armour
rPois    +         Spirit   .   z - +0 helmet {SInv}
rElec    +         Reflect  +   W - +2 cloak {MR+}
rCorr    .         Harm     .   (no gloves)
MR       +++..                  Y - +0 pair of boots of Miracles {+Blink rElec MR+}
Stlth    +.........             I - amulet of magic regeneration
HPRegen  0.63/turn              l - ring of magical power
MPRegen  0.58/turn              L - +4 ring of evasion

@: singing, protected from fire, repel missiles
A: iridescent scales 1, molten scales 1, agile 1, poison resistance, subdued
magic 1
a: Upheaval, Elemental Force, Disaster Area, Renounce Religion, Evoke Blink


You were on level 3 of the Snake Pit.
You worshipped Qazlal.
Qazlal was exalted by your worship.
You were not hungry.

You visited 6 branches of the dungeon, and saw 28 of its levels.
You also visited: Gauntlet and Volcano.

You collected 3247 gold pieces.
You spent 2295 gold pieces at shops.

Inventory:

Hand Weapons
 e - a +5 long sword of electrocution (weapon)
 f - a +5 scimitar of flaming
 p - a +2 long sword of protection
 F - the +8 trident "Popniu" {vorpal, rC++}
   (You found it on level 2 of the Lair of Beasts)

   It inflicts extra damage upon your enemies.
   It greatly protects you from cold.
Missiles
 b - 32 boomerangs (quivered)
 y - 14 curare-tipped darts
 S - 39 poisoned darts
Armour
 k - a +2 robe of fire resistance
 o - a +2 pair of gloves
 v - a +2 buckler of reflection (worn)
 z - a +0 helmet of see invisible (worn)
 B - the -1 helmet of Contentment {*Corrode rPois Int+10 Dex+4}
   (You found it on level 10 of the Dungeon)

   It affects your intelligence (+10).
   It affects your dexterity (+4).
   It protects you from poison.
   It may corrode you when you take damage.
 D - a +2 robe of positive energy
 O - a scarf of resistance
 R - a +0 troll leather armour (worn)
 V - a +2 cloak of preservation
 W - a +2 cloak of magic resistance (worn)
 Y - the +0 pair of boots of Miracles (worn) {+Blink rElec MR+}
   (You acquired it on level 8 of the Dungeon)

   It insulates you from electricity.
   It affects your resistance to hostile enchantments.
   It lets you blink.
Jewellery
 l - a ring of magical power (left hand)
 n - an uncursed ring of protection from cold
 q - an uncursed ring of protection from fire
 I - an amulet of magic regeneration (around neck)
 L - a +4 ring of evasion (right hand)
Wands
 g - a wand of flame (17)
 i - a wand of clouds (11)
 m - a wand of paralysis (11)
 x - a wand of polymorph (6)
 G - a wand of disintegration (31)
 Q - a wand of iceblast (9)
 T - a wand of digging (7)
Scrolls
 h - 2 scrolls of blinking
 s - 4 scrolls of fog
 t - 7 scrolls of identify
 w - a scroll of fear
 A - 3 scrolls of magic mapping
 P - 12 scrolls of remove curse
 Z - 9 scrolls of teleportation
Potions
 d - 6 potions of curing
 j - 2 potions of ambrosia
 r - a potion of magic
 u - 4 potions of cancellation
 C - 6 potions of flight
 E - a potion of berserk rage
 H - 5 potions of brilliance
 J - 4 potions of lignification
 K - 2 potions of stabbing
 M - 2 potions of invisibility
 U - 4 potions of resistance
 X - 3 potions of might
Comestibles
 c - 40 rations


   Skills:
   Level 4.3(6.3) Short Blades
 * Level 6.4(6.9) Long Blades
   Level 0.2 Axes
 - Level 3.0 Throwing
 - Level 5.0 Armour
 + Level 8.8 Dodging
 - Level 2.4 Stealth
 * Level 4.4 Shields
 * Level 20.4 Spellcasting
 * Level 7.3 Conjurations
 + Level 5.6 Hexes
 + Level 10.5 Charms
 + Level 3.1 Summonings
 * Level 9.6 Translocations
 + Level 4.5 Transmutations
 + Level 8.9 Fire Magic
 * Level 6.0 Ice Magic
 + Level 8.4 Air Magic
   Level 0.8 Earth Magic
 - Level 11.4 Poison Magic
 + Level 2.5 Invocations
 * Level 5.6 Evocations


You had one spell level left.
You knew the following spells:

 Your Spells              Type           Power        Failure   Level  Hunger
a - Ozocubu's Armour      Chrm/Ice       ######..     1%          3    None
c - Mephitic Cloud        Conj/Pois/Air  ######..     1%          3    None
d - Dispersal             Tloc           ######....   5%          6    #......
e - Conjure Ball Lightni  Conj/Air       ######....   11%         6    #......
f - Ignite Poison         Fire/Tmut/Pois ######..     1%          3    None
g - Shroud of Golubria    Chrm/Tloc      ######       1%          2    None
i - Corona                Hex            #####..      1%          1    None
l - Summon Lightning Spi  Summ/Air       #####...     1%          4    None
q - Silence               Hex/Air        #####.....   2%          5    None
r - Irradiate             Conj/Tmut      #####.....   4%          5    None
s - Song of Slaying       Chrm           ######..     1%          2    None
t - Tukima's Dance        Hex            #####...     1%          3    None
v - Poisonous Vapours     Pois/Air       ######       1%          2    None
x - Olgreb's Toxic Radia  Pois           ######..     1%          4    None
z - Freezing Cloud        Conj/Ice/Air   #####.....   14%         6    #......

Your spell library contained the following spells:

 Spells                   Type           Power        Failure   Level  Hunger
 Infusion                 Chrm           ####         0%          1    None
 Sandblast                Erth           ###...       1%          1    None
 Sting                    Tmut/Pois      ####         1%          1    None
 Corpse Rot               Necr/Air       N/A          1%          2    None
 Ensorcelled Hibernation  Hex/Ice        #####.       1%          2    None
 Passwall                 Tmut/Erth      ####....     1%          2    None
 Swiftness                Chrm/Air       ######..     1%          2    None
 Confusing Touch          Hex            #####...     1%          3    None
 Dazzling Flash           Conj/Hex       #####.       1%          3    None
 Gell's Gravitas          Tloc           ######....   1%          3    None
 Portal Projectile        Hex/Tloc       ######       1%          3    None
 Spectral Weapon          Hex/Chrm       ######..     1%          3    None
 Stone Arrow              Conj/Erth      #####.       1%          3    None
 Ice Form                 Ice/Tmut       #####...     1%          4    None
 Iskenderun's Mystic Bla  Conj/Tloc      ######..     1%          4    None
 Passage of Golubria      Tloc           N/A          1%          4    None
 Iskenderun's Battlesphe  Conj/Chrm      ######..     1%          5    None
 Sublimation of Blood     Necr           ###.......   2%          2    None
 Metabolic Englaciation   Hex/Ice        #####.....   4%          5    None
 Excruciating Wounds      Chrm/Necr      #####.....   5%          5    None
 Petrify                  Tmut/Erth      ####....     6%          4    None
 Yara's Violent Unravell  Hex/Tmut       #####.....   6%          5    None
 Dispel Undead            Necr           ###.....     19%         4    None
 Ozocubu's Refrigeration  Ice            #####.....   24%         6    #......
 Darkness                 Hex            #####.....   28%         6    #......
 Invisibility             Hex            #####...     28%         6    #......
 Ring of Flames           Chrm/Fire      ######....   30%         7    ####...
 Lee's Rapid Deconstruct  Erth           ###.......   36%         5    None
 Hydra Form               Tmut           #####.....   43%         6    #......
 Agony                    Necr           ###.....     47%         5    None
 Simulacrum               Ice/Necr       ####......   65%         6    #......
 Statue Form              Tmut/Erth      ####.....    71%         6    #......
 Dragon Form              Tmut           #####.....   95%         7    ####...
 Controlled Blink         Tloc           N/A          95%         8    ######.
 Disjunction              Tloc           ######....   95%         8    ######.
 Tornado                  Air            ######....   100%        9    #######


Dungeon Overview and Level Annotations

Branches:
Dungeon (15/15)            Temple (1/1) D:6            Lair (6/6) D:9
 Shoals (0/4) Lair:4        Snake (3/4) Lair:2        Slime (0/5) Lair:6
    Orc (2/2) D:10            Elf (1/3) Orc:2        Vaults (0/5) D:13
 Depths (0/5) D:15        Volcano (visited)         Gauntlet (visited)

Altars:
Ashenzari
Cheibriados
Dithmenos
Elyvilon
Fedhas
Gozag
Hepliaklqana
Kikubaaqudgha
Makhleb
Nemelex Xobeh
Okawaru
Qazlal
Ru
Sif Muna
Trog
Uskayaw
Vehumet
Wu Jian
Xom
Yredelemnul
Zin
The Shining One
Beogh

Shops:
D:4 (   D:6 !   D:8 ?   D:9 [   D:12 !   D:14 }   Orc:1 [   Orc:2 }[((

Annotations:
Lair:2 Asterion
Lair:3 1 runed translucent door, Huasawuy's ghost, journeyman TrWz


Innate Abilities, Weirdness & Mutations

You are partially covered in iridescent scales. (AC +2)
You are partially covered in molten scales. (AC +2)
You are agile. (Dex +2)
Your system is resistant to poisons. (rPois)
Your spells are a little easier to cast, but a little less powerful.


Message History

You kill the black mamba!
Qazlal accepts your kill.
The black mamba is engulfed in freezing vapours.
The black mamba seems to slow down.
You block the salamander mystic's attack.
The salamander is engulfed in freezing vapours.
You block the salamander's attack.
The salamander is engulfed in freezing vapours.
The salamander hits you from afar with a +0 spear!
You are engulfed in flames!
Your icy armour melts away.
You resist.
* * * LOW HITPOINT WARNING * * *
The naga sharpshooter shoots a bolt.
The bolt hits you!
* * * LOW HITPOINT WARNING * * *
The naga sharpshooter is engulfed in freezing vapours.
The naga sharpshooter mumbles some strange words.
The naga sharpshooter magically shoots a bolt.
The bolt hits you!
You die...

.# #. #.
#####.. ##
.#.#. # ..
°N§ .#
##°#N#N##
#...@S§§#
#..#§#†#N##
.. ○.N .#
... .#N#. #
... #..N.<.
.. . ..$ ..
. .# ...
(.. ##
..... ...


You could see 2 naga sharpshooters, a salamander mystic, 4 salamanders and a
black mamba (slow).

Vanquished Creatures
  Vashnia (Snake:2)
  Agnes (Snake:2)
  An orc warlord (D:14)
  2 deep elf sorcerers (Elf:1)
  The ghost of Bananafolds the Warrior, a journeyman MfSk of Makhleb (Lair:4)
  A minotaur (Gauntlet)
  A blizzard demon (Gauntlet)
  Erolcha (D:9)
  A yaktaur captain (D:15)
  4 naga warriors
  9 hydras
  8 vault guards (D:13)
  2 catoblepae
  7 centaur warriors
  9 anacondas
  2 death knights
  6 two-headed ogres
  8 dancing weapons (Elf:1)
  2 death scarabs (Gauntlet)
  An ogre mage (D:15)
  2 orc high priests
  9 shock serpents
  6 naga sharpshooters
  9 deep elf knights
  Sonja (Lair:3)
  2 skeletal warriors (Volcano)
  An anaconda skeleton (Volcano)
  7 deep elf archers (Elf:1)
  A naga ritualist (Snake:2)
  A spectral hydra (Gauntlet)
  A wizard (D:15)
  2 orc knights
  4 oklob plants (Lair:6)
  5 mana vipers
  13 deep elf magi (Elf:1)
  8 ugly things
  6 orc sorcerers
  6 cyclopes
  A moth of wrath (D:9)
  11 slime creatures
  11 elephants
  A ball lightning (Orc:1)
  Joseph (D:8)
  3 naga magi
  3 merfolk sirens (Lair:4)
  8 gargoyles
  18 black mambas
  Maggie (D:8)
  A kobold demonologist (D:12)
  14 spiny frogs
  An efreet (D:15)
  2 rime drakes
  11 komodo dragons
  A yaktaur (D:15)
  2 freezing wraiths
  5 trolls
  A merfolk (Lair:4)
  4 tyrant leeches (Lair:6)
  2 polar bears
  2 hornets
  15 blink frogs
  4 harpy skeletons (Volcano)
  11 hippogriffs
  3 flying skulls (Volcano)
  A centaur simulacrum (D:15)
  An alligator skeleton (Volcano)
  2 water elementals (Elf:1)
  An air elemental (Elf:1)
  A shadow (D:13)
  2 wraiths (D:15)
  4 wyverns
  21 yaks
  2 vampires
  A fire elemental (Elf:1)
  2 basilisks
  5 hungry ghosts
  8 vampire mosquitoes
  4 wargs
  16 nagas
  A soldier ant (D:12)
  2 spectral spiny frogs (Gauntlet)
  3 porcupines
  2 sky beasts
  12 water moccasins
  41 orc warriors
  A hornet zombie (D:14)
  2 black bears (D:9)
  An eye of draining (D:14)
  A necrophage (D:10)
  19 ogres
  6 phantoms
  9 crocodiles
  25 centaurs
  2 big kobolds
  33 bullfrogs
  A wyvern zombie (D:14)
  2 scorpions
  12 killer bees
  A spriggan skeleton (Volcano)
  2 troll skeletons (Volcano)
  A vampire bat (D:3)
  2 electric eels
  A howler monkey (D:4)
  3 jellies
  4 crimson imps
  A bullfrog zombie (D:8)
  2 centaur zombies
  8 hounds
  3 quasits
  25 orc priests
  9 centaur skeletons
  3 iguanas
  51 orc wizards
  6 worker ants
  2 naga skeletons (Volcano)
  A hound skeleton (D:10)
  A worker ant zombie (D:11)
  Robin (D:3)
  3 gnolls (D:2)
  15 adders
  3 shadow imps
  3 oozes
  3 adder zombies
  2 adder skeletons
  5 worms
  2 dart slugs
  5 leopard geckos
  119 orcs
  6 bats
  3 bat skeletons (D:3)
  2 bat zombies (D:3)
  5 giant cockroaches
  15 goblins
  8 hobgoblins
  12 jackals
  2 quokkas
  6 frilled lizards
  12 kobolds
  4 rats
  A plant (Lair:3)
  A withered plant (Gauntlet)
899 creatures vanquished.

Vanquished Creatures (collateral kills)
  A hydra (Lair:6)
  A deep elf mage (Elf:1)
  A spiny frog (Lair:6)
  A basilisk (shapeshifter) (Elf:1)
  A warg (Orc:2)
  An ogre (Orc:2)
  3 orcs (Orc:2)
9 creatures vanquished.

Vanquished Creatures (others)
  A deep elf mage (Elf:1)
  12 ball lightnings
  A centaur zombie (D:14)
  A crocodile (Lair:6)
  A hound (D:14)
  An orc wizard (D:11)
  A demonic plant (Gauntlet)
  23 fungi
  34 plants
  3 withered plants (Gauntlet)
78 creatures vanquished.

Grand Total: 986 creatures vanquished

Notes
Turn   | Place    | Note
-------+----------+-------------------------------------------
     0 | D:1      | Esekla the Deep Elf Venom Mage began the quest for the Orb.
     0 | D:1      | Reached XP level 1. HP: 10/10 MP: 6/6
   507 | D:1      | Reached XP level 2. HP: 15/15 MP: 8/8
   512 | D:1      | Learned a level 2 spell: Poisonous Vapours
   900 | D:1      | Reached skill level 4 in Spellcasting
  1168 | D:2      | Reached XP level 3. HP: 19/19 MP: 10/10
  1293 | D:2      | Noticed Robin
  1515 | D:1      | Learned a level 3 spell: Mephitic Cloud
  1519 | D:1      | Learned a level 3 spell: Ignite Poison
  2011 | D:2      | Reached skill level 1 in Air Magic
  2011 | D:2      | Reached XP level 4. HP: 22/24 MP: 12/12
  2475 | D:4      | Noticed an ogre
  2510 | D:4      | Found Daucacuw's Weapon Boutique.
  2510 | D:4      | Killed an ogre
  2510 | D:4      | Reached skill level 5 in Spellcasting
  2510 | D:4      | Reached skill level 1 in Conjurations
  2510 | D:4      | Reached skill level 1 in Fire Magic
  2510 | D:4      | Reached XP level 5. HP: 28/28 MP: 7/14
  2656 | D:4      | Reached XP level 6. HP: 18/32 MP: 14/16
  3016 | D:4      | You fall into a shaft and drop 2 floors!
  3039 | D:6      | Found a staircase to the Ecumenical Temple.
  3048 | Temple   | Entered the Ecumenical Temple
  3122 | D:6      | Got a brightly glowing ring mail
  3172 | Temple   | Identified the +3 ring mail of the Pleiades {+Inv Int-4
                  | Dex+3 Slay+2} (You found it on level 6 of the Dungeon)
  3195 | Temple   | Became a worshipper of Qazlal Stormbringer
  3580 | D:5      | Entered Level 5 of the Dungeon
  3589 | D:5      | Reached skill level 6 in Spellcasting
  3589 | D:5      | Reached XP level 7. HP: 9/36 MP: 18/18
  3606 | D:5      | Noticed a hornet
  3628 | D:5      | Reached skill level 1 in Short Blades
  3968 | D:3      | Found a shimmering altar of Xom.
  4019 | D:3      | Found a basalt altar of Yredelemnul.
  4190 | D:3      | Reached * piety under Qazlal
  4199 | D:3      | Found a faded altar of an unknown god.
  4690 | D:3      | Reached skill level 7 in Spellcasting
  4691 | D:3      | Killed Robin
  4936 | D:3      | Found an ancient bone altar of Kikubaaqudgha.
  5337 | D:4      | Learned a level 4 spell: Olgreb's Toxic Radiance
  5853 | D:4      | Gained mutation: You are weak. (Str -2) [potion of
                  | mutation]
  5853 | D:4      | Gained mutation: You have sharp toenails. [potion of
                  | mutation]
  5853 | D:4      | Gained mutation: You are resistant to hostile enchantments.
                  | (MR+) [potion of mutation]
  5854 | D:4      | Lost mutation: You are weak. (Str -2) [potion of mutation]
  5854 | D:4      | Lost mutation: You have sharp toenails. [potion of
                  | mutation]
  5854 | D:4      | Lost mutation: You are resistant to hostile enchantments.
                  | (MR+) [potion of mutation]
  5854 | D:4      | Gained mutation: You evolve. [potion of mutation]
  5854 | D:4      | Gained mutation: You are partially covered in thin metallic
                  | scales. (AC +2) [potion of mutation]
  5854 | D:4      | Gained mutation: Your mind is acute. (Int +2) [potion of
                  | mutation]
  5854 | D:4      | Gained mutation: Your natural rate of healing is unusually
                  | fast. [potion of mutation]
  5892 | D:4      | Reached ** piety under Qazlal
  6162 | D:4      | Reached skill level 8 in Spellcasting
  6162 | D:4      | Reached XP level 8. HP: 41/41 MP: 22/22
  6366 | D:5      | Found a blossoming altar of Fedhas.
  6439 | D:5      | Reached skill level 1 in Throwing
  6595 | D:5      | Noticed a troll
  6613 | D:5      | Killed a troll
  6613 | D:5      | Reached skill level 5 in Dodging
  6631 | D:5      | Gained mutation: You possess an exceptional clarity of
                  | mind. [evolution]
  6865 | D:5      | Killed a hornet
  6865 | D:5      | Reached skill level 9 in Spellcasting
  7032 | D:6      | Reached skill level 5 in Poison Magic
  7055 | D:6      | Upgraded the game from 0.25-b1-41-g19641232cd to
                  | 0.25-b1-46-gb8a1ec05df
  7266 | D:7      | Reached XP level 9. HP: 45/45 MP: 21/24
  7312 | D:7      | Reached skill level 1 in Invocations
  7487 | D:7      | Found a shattered altar of Ashenzari.
  7832 | D:6      | Found Koymaid's Distillery.
  7861 | D:6      | Bought a potion of ambrosia for 88 gold pieces
  7861 | D:6      | Bought a potion of berserk rage for 55 gold pieces
  8416 | D:7      | Reached skill level 10 in Spellcasting
  8855 | D:8      | Noticed Joseph
  8867 | D:8      | Killed Joseph
  8867 | D:8      | Reached skill level 5 in Air Magic
  8871 | D:8      | Reached *** piety under Qazlal
  8948 | D:8      | Found an ornate altar of the Wu Jian Council.
  9074 | D:8      | Got a polished mace
  9204 | D:8      | Reached skill level 5 in Conjurations
  9221 | D:8      | Reached skill level 1 in Evocations
  9242 | D:8      | Noticed Maggie
  9255 | D:8      | Killed Maggie
  9255 | D:8      | Reached skill level 11 in Spellcasting
  9255 | D:8      | Reached XP level 10. HP: 48/50 MP: 23/27
  9289 | D:8      | Identified the cursed +1 mace "Ipireshrah" {distort, *Rage
                  | +Blink rPois rF+++} (You found it on level 8 of the
                  | Dungeon)
  9335 | D:8      | Learned a level 3 spell: Tukima's Dance
  9337 | D:8      | Learned a level 1 spell: Corona
  9345 | D:8      | Found a shadowy altar of Dithmenos.
  9586 | D:8      | Found a burning altar of Makhleb.
  9586 | D:8      | Found a shadowy altar of Dithmenos.
  9727 | D:8      | Found Pube Naunu's Magic Scroll Shoppe.
  9780 | D:9      | Found Asaom's Antique Armour Emporium.
  9786 | D:9      | Noticed Erolcha
  9798 | D:9      | Killed Erolcha
  9798 | D:9      | Reached skill level 1 in Hexes
  9798 | D:9      | Reached skill level 5 in Fire Magic
  9978 | D:9      | Reached skill level 12 in Spellcasting
  9988 | D:9      | Reached **** piety under Qazlal
 10113 | D:9      | Found a staircase to the Lair.
 10370 | D:9      | Noticed a moth of wrath
 10385 | D:9      | Killed a moth of wrath
 10392 | D:9      | Found a bloodstained altar of Trog.
 10652 | D:10     | Entered Level 10 of the Dungeon
 10667 | D:10     | Noticed a two-headed ogre
 10675 | D:10     | Killed a two-headed ogre
 10686 | D:10     | Reached XP level 11. HP: 54/54 MP: 27/29
 10732 | D:10     | Found a staircase to the Orcish Mines.
 10752 | D:10     | Identified a scroll of acquirement
 11105 | D:10     | Reached skill level 13 in Spellcasting
 11360 | D:10     | Got a faintly glowing helmet
 11366 | D:10     | Identified the -1 helmet of Contentment {*Corrode rPois
                  | Int+10 Dex+4} (You found it on level 10 of the Dungeon)
 11614 | Lair:1   | Entered Level 1 of the Lair of Beasts
 11672 | Lair:1   | Found a gate leading to a gauntlet.
 11693 | Gauntlet | Entered a Gauntlet
 11693 | Gauntlet | Found a transporter.
 11693 | Gauntlet | Noticed a death yak
 11693 | Gauntlet | Noticed a death yak
 11701 | Gauntlet | Noticed a death scarab
 11702 | Gauntlet | Found a transporter.
 11703 | Gauntlet | Found a transporter.
 11703 | Gauntlet | Noticed an entropy weaver
 11704 | Gauntlet | Found a transporter.
 11707 | Gauntlet | Noticed a death scarab
 11707 | Gauntlet | Found a transporter.
 11708 | Gauntlet | Found a transporter.
 11716 | Gauntlet | Found a transporter.
 11717 | Gauntlet | Found a transporter.
 11717 | Gauntlet | Noticed a blizzard demon
 11725 | Gauntlet | Noticed a hell hog
 11786 | Gauntlet | Noticed a necromancer
 11788 | Gauntlet | Found a transporter.
 11788 | Gauntlet | Noticed a death yak
 11789 | Gauntlet | Found a transporter.
 11809 | Gauntlet | Found a transporter.
 11821 | Gauntlet | Found a transporter.
 11942 | Gauntlet | Killed a death scarab
 11946 | Gauntlet | HP: 1/54 [death scarab (18)]
 11955 | Gauntlet | Killed a death scarab
 11963 | Gauntlet | Got a pair of smoking boots
 11974 | Gauntlet | Identified the +1 pair of boots of Gallantry {Int+3} (You
                  | found it in a Gauntlet)
 12011 | Gauntlet | Killed a blizzard demon
 12012 | Gauntlet | Gained mutation: You have sharp fingernails. [evolution]
 12016 | Gauntlet | Got a pair of slimy gloves
 12027 | Gauntlet | Identified the +0 pair of gloves "Efriasux" {rElec} (You
                  | found it in a Gauntlet)
 12050 | Gauntlet | Noticed a minotaur
 12066 | Gauntlet | Killed a minotaur
 12066 | Gauntlet | Reached skill level 14 in Spellcasting
 12077 | Gauntlet | Identified the Tome of Displacement
 12080 | Gauntlet | Identified the Disquisition on Augmentations
 12133 | Gauntlet | Got a faintly glowing leather armour
 12144 | Gauntlet | Identified the cursed +0 leather armour of the Gastropod
                  | {Slay+3} (You found it in a Gauntlet)
 12188 | Gauntlet | Learned a level 3 spell: Ozocubu's Armour
 12191 | Gauntlet | Learned a level 2 spell: Shroud of Golubria
 12211 | Lair:1   | Found a dark tunnel.
 12219 | Volcano  | Entered a volcano
 12231 | Volcano  | Reached skill level 1 in Ice Magic
 12236 | Volcano  | Reached skill level 1 in Translocations
 12319 | Volcano  | Reached ***** piety under Qazlal
 12519 | Volcano  | Noticed a skeletal warrior
 12526 | Volcano  | Reached skill level 1 in Charms
 12526 | Volcano  | Reached XP level 12. HP: 44/59 MP: 32/32
 12538 | Volcano  | Reached skill level 5 in Hexes
 12602 | Volcano  | Gained mutation: Your system is resistant to poisons.
                  | (rPois) [evolution]
 14010 | Lair:2   | Noticed a six-headed hydra
 14022 | Lair:2   | Killed a six-headed hydra
 14022 | Lair:2   | Reached skill level 15 in Spellcasting
 14292 | Lair:2   | Found a staircase to the Snake Pit.
 14810 | Lair:2   | Got a slimy trident
 14899 | Lair:2   | Identified the +8 trident "Popniu" {vorpal, rC++} (You
                  | found it on level 2 of the Lair of Beasts)
 15243 | Lair:3   | Noticed a four-headed hydra
 15256 | Lair:3   | Killed a four-headed hydra
 15256 | Lair:3   | Reached skill level 5 in Charms
 15296 | Lair:3   | Noticed Sonja
 15304 | Lair:3   | Killed Sonja
 15455 | Lair:3   | Gained mutation: You are partially covered in iridescent
                  | scales. (AC +2) [evolution]
 15867 | Lair:3   | Found a runed translucent door.
 15867 | Lair:3   | Noticed Huasawuy's ghost (journeyman TrWz)
 16104 | D:11     | Reached XP level 13. HP: 63/63 MP: 32/34
 16119 | D:11     | Reached skill level 16 in Spellcasting
 16126 | D:11     | Reached skill level 5 in Ice Magic
 16145 | D:11     | Learned a level 7 spell: Ring of Flames
 16152 | D:11     | Learned a level 6 spell: Dispersal
 16692 | D:12     | Reached skill level 10 in Poison Magic
 16831 | D:12     | Found Riok's Distillery.
 16852 | D:12     | Reached ****** piety under Qazlal
 16922 | D:12     | Gained mutation: You are partially covered in icy blue
                  | scales. (AC +2) [evolution]
 16924 | D:12     | Bought a potion of flight for 54 gold pieces
 16924 | D:12     | Bought a potion of ambrosia for 144 gold pieces
 16924 | D:12     | Bought a potion of flight for 54 gold pieces
 16924 | D:12     | Bought a potion of heal wounds for 90 gold pieces
 16930 | D:12     | Bought a potion of flight for 54 gold pieces
 17922 | D:13     | Reached skill level 5 in Translocations
 18316 | D:13     | Reached skill level 1 in Armour
 18523 | D:13     | Found a gate to the Vaults.
 18540 | D:13     | Reached skill level 17 in Spellcasting
 18867 | D:14     | Reached XP level 14. HP: 68/68 MP: 37/37
 19292 | D:14     | Found a shattered altar of Ashenzari.
 19465 | D:14     | Found Hatak's Gadget Shop.
 19515 | D:14     | Found an iron altar of Okawaru.
 19515 | D:14     | Noticed an orc warlord
 19777 | D:14     | Identified the +10 hand axe "Usiel" {holy, Str+6}
 19886 | D:14     | Identified the cursed +0 ring mail "Etotaphoit" {rElec
                  | Str+3} (You found it on level 14 of the Dungeon)
 19923 | D:14     | Killed an orc warlord
 20028 | D:14     | Learned a level 6 spell: Conjure Ball Lightning
 20114 | D:15     | Entered Level 15 of the Dungeon
 20381 | D:15     | Reached skill level 18 in Spellcasting
 20516 | D:15     | Found a staircase to the Depths.
 20945 | D:15     | Reached skill level 10 in Charms
 21504 | D:8      | Learned a level 4 spell: Summon Lightning Spire
 21504 | D:8      | Bought a scroll of amnesia for 42 gold pieces
 21511 | D:8      | Learned a level 5 spell: Silence
 21517 | D:8      | Learned a level 5 spell: Lee's Rapid Deconstruction
 21648 | Lair:4   | Reached skill level 1 in Summonings
 22274 | Lair:4   | Reached XP level 15. HP: 69/72 MP: 28/39
 22276 | Lair:4   | Reached skill level 1 in Long Blades
 22359 | Lair:4   | You fall into a shaft and drop 2 floors!
 22359 | Lair:6   | Entered Level 6 of the Lair of Beasts
 24144 | Lair:4   | Found a staircase to the Shoals.
 24204 | Lair:4   | Found a runed translucent door.
 24206 | Lair:4   | Noticed Bananafolds's ghost (journeyman MfSk)
 24219 | Lair:4   | Killed Bananafolds's ghost
 24330 | Lair:4   | Learned a level 5 spell: Irradiate
 25043 | Lair:6   | Found a staircase to the Slime Pits.
 25686 | Orc:1    | Entered Level 1 of the Orcish Mines
 25686 | Orc:1    | Found Taxu's Antique Armour Shop.
 25712 | Orc:1    | Reached skill level 5 in Armour
 25763 | Orc:1    | Reached skill level 19 in Spellcasting
 25926 | Orc:1    | Bought a glowing buckler for 277 gold pieces
 26119 | Orc:1    | Found a shimmering altar of Xom.
 26381 | Orc:2    | Entered Level 2 of the Orcish Mines
 26606 | Orc:2    | Reached skill level 1 in Shields
 26827 | Orc:2    | Paralysed by an orc sorcerer for 5 turns
 26867 | Orc:2    | Found a staircase to the Elven Halls.
 27056 | Orc:2    | Found a roughly hewn altar of Beogh.
 27325 | Orc:2    | Found Irogeukk's Gadget Emporium.
 27325 | Orc:2    | Found Cehymne's Weapon Shoppe.
 27325 | Orc:2    | Found Makhly's Armour Emporium.
 27330 | Orc:2    | Found Ytemid's Weapon Shoppe.
 27474 | D:9      | Bought a distressingly furry leather armour for 259 gold
                  | pieces
 27486 | D:9      | Identified the +1 leather armour of Ymanacs {+Fly Str-5
                  | Dex+4} (You bought it in a shop on level 9 of the Dungeon)
 27509 | D:9      | Bought an embroidered cloak for 277 gold pieces
 27509 | D:9      | Bought a pair of embroidered gloves for 277 gold pieces
 27590 | D:8      | Bought a scroll of acquirement for 624 gold pieces
 27602 | D:8      | Got the +0 pair of boots of Miracles {+Blink rElec MR+}
 27750 | Snake:1  | Entered Level 1 of the Snake Pit
 27761 | Snake:1  | Noticed Asterion
 28027 | Elf:1    | Entered Level 1 of the Elven Halls
 28270 | Elf:1    | Gained mutation: Your spells are a little easier to cast,
                  | but a little less powerful. [mutagenic glow]
 28317 | Elf:1    | Gained mutation: You occasionally shout uncontrollably at
                  | your foes. [mutagenic glow]
 28328 | Elf:1    | Noticed a deep elf sorcerer
 28342 | Elf:1    | Killed a deep elf sorcerer
 28353 | Elf:1    | Reached XP level 16. HP: 52/76 MP: 3/41
 28574 | Elf:1    | Learned a level 2 spell: Song of Slaying
 29044 | Elf:1    | Reached skill level 20 in Spellcasting
 29049 | Elf:1    | Reached skill level 5 in Long Blades
 29769 | Lair:2   | Lost mutation: You occasionally shout uncontrollably at
                  | your foes. [potion of mutation]
 29769 | Lair:2   | Lost mutation: You have sharp fingernails. [potion of
                  | mutation]
 29769 | Lair:2   | Lost mutation: Your natural rate of healing is unusually
                  | fast. [potion of mutation]
 29769 | Lair:2   | Lost mutation: Your mind is acute. (Int +2) [potion of
                  | mutation]
 29769 | Lair:2   | Gained mutation: You are clumsy. (Dex -2) [potion of
                  | mutation]
 29769 | Lair:2   | Lost mutation: You are partially covered in icy blue
                  | scales. (AC +2) [potion of mutation]
 29769 | Lair:2   | Gained mutation: You are partially covered in molten
                  | scales. (AC +2) [potion of mutation]
 29770 | Lair:2   | Lost mutation: You are clumsy. (Dex -2) [potion of
                  | mutation]
 29770 | Lair:2   | Lost mutation: You possess an exceptional clarity of mind.
                  | [potion of mutation]
 29770 | Lair:2   | Lost mutation: You evolve. [potion of mutation]
 29770 | Lair:2   | Gained mutation: You expend magic power (3 MP) to
                  | strengthen your wands. [potion of mutation]
 29771 | Lair:2   | Lost mutation: You expend magic power (3 MP) to strengthen
                  | your wands. [potion of mutation]
 29771 | Lair:2   | Lost mutation: You are partially covered in thin metallic
                  | scales. (AC +2) [potion of mutation]
 29771 | Lair:2   | Lost mutation: Your system is resistant to poisons. (rPois)
                  | [potion of mutation]
 29771 | Lair:2   | Gained mutation: Your system is resistant to poisons.
                  | (rPois) [potion of mutation]
 29771 | Lair:2   | Gained mutation: You are agile. (Dex +2) [potion of
                  | mutation]
 30402 | Snake:1  | Learned a level 6 spell: Freezing Cloud
 31014 | Snake:2  | Reached skill level 5 in Evocations
 31130 | Snake:2  | Noticed Agnes
 31149 | Snake:2  | Killed Agnes
 31163 | Snake:2  | Noticed Vashnia
 31192 | Snake:2  | Killed Vashnia
 31970 | Snake:2  | Got a fabulously ornate robe
 31971 | Snake:2  | Identified the +1 robe of Parlour Games {rN+} (You found it
                  | on level 2 of the Snake Pit)
 32222 | Snake:2  | Found a radiant altar of Vehumet.
 32559 | Snake:3  | Reached XP level 17. HP: 44/80 MP: 32/43
 32559 | Snake:3  | HP: 3/80 [black mamba (16)]
 32566 | Snake:3  | Shot with a bolt by a naga sharpshooter

Illustrated notes

Levels and vault maps discovered:
D:1:      psy_arrival_dodecagon, layout_basic
D:2:      layout_basic, first_ration, uniq_robin
D:3:      layout_basic, lemuel_round_altar, lemuel_crystal_altar,
          kennysheep_vampire_church, chequers_ecumenical_altar_simple_redux,
          minmay_crystal_room, minmay_misc_feat_secret_circle
D:4:      layout_loops_ring, serial_shops, shop
D:5:      layout_rooms, nicolae_overflow_crystal_walls
D:6:      layout_basic, minmay_temple_entry_waves, serial_shops,
          nicolae_shop_window_shopping
D:7:      layout_basic, ashenzari_conservatory_becter, grunt_ogre_cave
D:8:      layout_loops_ring, lemuel_round_altar, gammafunk_temple_overflow_wave,
          serial_shops, kennysheep_little_box, grunt_dithmenos_smoke,
          uniq_joseph, uniq_maggie
D:9:      layout_irregular_city, tgw_trog, david_lair_shrubbed, serial_shops,
          shop_statue, uniq_erolcha
D:10:     layout_basic, orc_0_dummy, serial_glass, glass_columns_a,
          glass_columns_a
D:11:     layout_rooms
D:12:     layout_stronghold, serial_shops,
          nicolae_shop_temple_entry_statues_fountains
D:13:     layout_roguey, erik_vaults_2
D:14:     evilmike_iron_armoury, layout_basic, ebering_dispersal_statue_hall,
          serial_shops, shop, basic_altar
D:15:     grunt_enter_depths_snipers, layout_basic
Temple:   cyrus_circular_temple
Lair:1:   layout_regular_city, gauntlet_entry_generic,
          lightli_volcano_entry_magma_tube, grunt_megastairs_5
Lair:2:   layout_regular_city, minmay_snake_entry_guardpost_medium
Lair:3:   layout_roguey, ebering_ghost_reflecting_pool, uniq_sonja
Lair:4:   layout_loops_ring, elwin_shoals_entry_stream,
          ebering_ghost_reflecting_pool, lemuel_fruit_tree, serial_bayou_shore_a
Lair:5:   layout_cave_pods
Lair:6:   minmay_lair_end_frog_pond, layout_layer_cave,
          minmay_slime_entry_oklob_enclosed, grunt_forest_small_clearings,
          lemuel_old_faithful
Snake:1:  layout_chambers, drop_trap, uniq_asterion
Snake:2:  layout_layer_cave, basic_altar, uniq_vashnia, uniq_agnes
Snake:3:  layout_rooms, ebering_ghost_inner_flame, serial_shops, shop, shop,
          drop_trap, st_stairs_8, hangedman_snake_corridor_split, uniq_kirke
Orc:1:    layout_diamond_mine, serial_shops, nicolae_shop_trees, basic_altar,
          nicolae_orc_flooded_monolith
Orc:2:    st_orc_mages, layout_caves, basic_altar
Elf:1:    layout_gridlike, minivault_28, grunt_megastairs_3

Skill      XL: |  1  2  3  4  5  6  7  8  9 10 11 12 13 14 15 16 |
---------------+-------------------------------------------------+-----
Spellcasting   | 4 5 6 8 9 11 12 14 15 17 18 19 20 | 20.4
Dodging        | 3 4 5 6 7 8 |  8.8
Air Magic      | 1 2 3 4 5 6 7 8 |  8.4
Conjurations   | 1 2 3 4 5 6 7 |  7.3
Fire Magic     | 1 2 3 4 5 6 7 8 |  8.9
Poison Magic   | 4 5 6 7 9 10 11 | 11.4
Short Blades   | 1 2 3 4 |  4.3
Throwing       | 1 2 3 |  3.0
Invocations    | 2 |  2.5
Evocations     | 1 3 4 5 |  5.6
Hexes          | 2 4 5 |  5.6
Ice Magic      | 2 4 5 6 |  6.0
Translocations | 2 3 5 7 8 9 |  9.6
Charms         | 1 6 8 10 | 10.5
Armour         | 2 3 5 |  5.0
Summonings     | 1 3 |  3.1
Long Blades    | 4 6 |  6.4
Shields        | 1 4 |  4.4
Transmutations | 2 4 |  4.5
Axes           | |  0.2
Stealth        | |  2.4
Earth Magic    | |  0.8

Action                   |  1- 3 |  4- 6 |  7- 9 | 10-12 | 13-15 | 16-18 || total
-------------------------+-------+-------+-------+-------+-------+-------++-------
Melee: Dagger            |    25 |    25 |   165 |   282 |   453 |     2 ||   952
       Short sword       |       |       |       |       |     9 |       ||     9
       Triple sword      |       |       |       |       |     4 |       ||     4
       Scimitar          |       |       |       |       |   269 |   161 ||   430
       Hand axe          |       |       |       |       |     3 |       ||     3
       Long sword        |       |       |       |       |    23 |     8 ||    31
Throw: Boomerang         |       |       |    34 |    53 |   152 |    43 ||   282
       Dart              |       |       |       |       |    10 |    13 ||    23
 Cast: Sting             |     7 |       |       |       |       |       ||     7
       Poisonous Vapours |    21 |    57 |   190 |   139 |   386 |    50 ||   843
       Mephitic Cloud    |       |     2 |    36 |    91 |   127 |    38 ||   294
       Ignite Poison     |       |       |    17 |    91 |   168 |    46 ||   322
       Ozocubu's Armour  |       |       |       |    24 |    74 |    19 ||   117
       Ring of Flames    |       |       |       |       |     6 |       ||     6
       Dispersal         |       |       |       |       |     7 |     1 ||     8
       Corona            |       |       |       |       |     2 |     2 ||     4
       Conjure Ball Ligh |       |       |       |       |     7 |       ||     7
       Summon Lightning  |       |       |       |       |    13 |     5 ||    18
       Irradiate         |       |       |       |       |     5 |     7 ||    12
       Shroud of Golubri |       |       |       |       |     1 |       ||     1
       Freezing Cloud    |       |       |       |       |       |     6 ||     6
       Song of Slaying   |       |       |       |       |       |     2 ||     2
  Use: Scroll            |       |     4 |     9 |    14 |    18 |     1 ||    46
       Potion            |       |       |     3 |    15 |     3 |     8 ||    29
 Stab: Sleeping          |     5 |     3 |     1 |       |       |       ||     9
       Distracted        |     1 |       |     1 |       |     2 |       ||     4
       Confused          |       |     6 |     6 |     6 |     6 |     1 ||    25
  Eat: Chunk             |     3 |     1 |    11 |    18 |    27 |    11 ||    71
       Ration            |       |     1 |     3 |     1 |     4 |     1 ||    10
Armor: Robe              |     9 |     2 |    47 |       |       |       ||    58
       Steam dragon scal |       |       |       |   145 |   142 |       ||   287
       Troll leather arm |       |       |       |       |   176 |    85 ||   261
Dodge: Dodged            |    23 |    17 |   131 |   296 |   777 |   166 ||  1410
       Repelled          |       |       |       |     8 |    32 |    21 ||    61
Block: Other             |       |       |    18 |   112 |   348 |       ||   478
       Buckler           |       |       |       |       |   111 |   227 ||   338
       Reflection        |       |       |       |       |     2 |    28 ||    30
       Rpst.: Triple sword |       |       |       |       |     2 |       ||     2
       Scimitar          |       |       |       |       |    89 |    34 ||   123
       Long sword        |       |       |       |       |     9 |     2 ||    11
